 Dungeon Crawl Stone Soup version 0.29.1-12-g30fa7ad0bf (webtiles) character file.

Game seed: 14031281287281105157

350 Peloso the Slasher (level 6, -5/53 HPs)
             Began as a Minotaur Fighter on Dec 13, 2022.
             Blown up by a hobgoblin (13 damage)
             ... with a mindburst bolt
             ... on level 4 of the Dungeon.
             The game lasted 00:04:41 (2383 turns).

Peloso the Slasher (Minotaur Fighter)               Turns: 2383, Time: 00:04:41

Health: -5/53      AC: 11    Str: 21    XL:     6   Next: 34%
Magic:  5/5        EV:  7    Int:  5    God:
Gold:   124        SH:  4    Dex: 11    Spells: 5/5 levels left

rFire   . . .      SeeInvis .   a - +0 long sword
rCold   . . .      Faith    .   h - +0 buckler
rNeg    . . .      Spirit   .   c - +0 chain mail
rPois   .          Reflect  .   (helmet restricted)
rElec   .          Harm     .   (no cloak)
rCorr   .          Rampage  .   (no gloves)
Will    .....                   g - +0 pair of boots
Stlth   ..........              f - amulet of regeneration
HPRegen 0.97/turn               (no ring)
MPRegen 0.09/turn               (no ring)

@: no status effects
A: horns 2, retaliatory headbutt
a: no special abilities


You were on level 4 of the Dungeon.
You visited 1 branch of the dungeon, and saw 4 of its levels.

You collected 124 gold pieces.

Inventory:

Hand Weapons
 a - a +0 long sword (weapon)
Armour
 b - a +0 scale mail
 c - a +0 chain mail (worn)
 d - a +0 plate armour
 g - a +0 pair of boots (worn)
 h - a +0 buckler (worn)
Jewellery
 f - an amulet of regeneration (around neck)
 l - an amulet of faith
Scrolls
 j - a scroll of vulnerability {unknown}
 k - a scroll of noise {unknown}
Potions
 e - a potion of curing
 i - 2 potions of might
 m - a potion of invisibility
 n - a potion of brilliance
 o - 2 potions of heal wounds {unknown}
 p - a potion of lignification {unknown}


   Skills:
 + Level 4.6 Fighting
 + Level 5.8 Long Blades
 + Level 5.4 Armour
 + Level 0.8 Dodging
 + Level 0.1 Stealth
 + Level 4.3 Shields


You had 5 spell levels left.
You didn't know any spells.
Your spell library contained the following spells:

 Spells                   Type           Power      Damage    Failure   Level
 Poisonous Vapours        Pois/Air       0%         N/A       100%        2
 Conjure Flame            Conj/Fire      0%         6-21      100%        3
 Ignite Poison            Fire/Tmut/Pois 0%         N/A       100%        3
 Corpse Rot               Necr/Pois/Air  0%         N/A       100%        4
 Sticky Flame             Conj/Fire      0%         2d3       100%        4


Dungeon Overview and Level Annotations

Branches:
Dungeon (4/15)
 Temple: D:4-7

Altars:
Cheibriados
Wu Jian
Yredelemnul

Annotations:
D:4 Edmund


Innate Abilities, Weirdness & Mutations

You have a pair of horns on your head.
You reflexively headbutt those who attack you in melee.


Message History

Edmund hits you with a +3 flail of protection.
You hit Edmund but do no damage.
Edmund is heavily wounded.
Edmund hits you with a +3 flail of protection!
* * * LOW HITPOINT WARNING * * *
The hobgoblin zaps a wand.
Your mind is blasted!
* * * LOW HITPOINT WARNING * * *
You barely miss Edmund.
Edmund is heavily wounded.
Edmund hits you but does no damage.
You feel better. Edmund hits you but does no damage.
You hit Edmund.
Edmund is heavily wounded.
Edmund barely misses you.
The hobgoblin zaps a wand.
Your mind is blasted!
* * * LOW HITPOINT WARNING * * *
Edmund closely misses you.
You hit Edmund but do no damage. You headbutt Edmund!
Edmund is severely wounded.
Edmund barely misses you.
You hit Edmund but do no damage.
Edmund is severely wounded.
Edmund hits you with a +3 flail of protection.
* * * LOW HITPOINT WARNING * * *
You hit Edmund.
Edmund is almost dead.
Edmund hits you with a +3 flail of protection.
* * * LOW HITPOINT WARNING * * *
The hobgoblin hits you but does no damage.
You hit Edmund but do no damage.
Edmund is almost dead.
Edmund hits you but does no damage. The hobgoblin hits you.
* * * LOW HITPOINT WARNING * * *
You hit Edmund but do no damage. You headbutt Edmund, but do no damage.
Edmund is almost dead.
Edmund hits you with a +3 flail of protection.
* * * LOW HITPOINT WARNING * * *
The hobgoblin closely misses you.
You feel better. Edmund barely misses you.
The hobgoblin zaps a wand.
Your mind is blasted!
You die...

...# ##...# ####+##....#
...........#
...........#
...........#
.!....@....# #......##
......g@...# #........
...........# +........
...........#####........
'####+##....#..#........
#....#..#.....###
#....#..#.....#..
#....'..#.....#..
#....#..#.....#..
#....#..#.....#..


You could see Edmund and a hobgoblin.

Vanquished Creatures
  A sky beast (D:3)
  An ogre (D:3)
  Blork the orc (D:4)
  An orc wizard (D:3)
  3 adders (D:2)
  A worm (D:2)
  A dart slug (D:1)
  3 orcs (D:3)
  3 bats
  5 endoplasms
  A giant cockroach (D:2)
  5 goblins
  7 hobgoblins
  2 jackals (D:1)
  2 kobolds
  3 quokkas
  5 ball pythons
  4 frilled lizards
  2 rats
51 creatures vanquished.

Notes
Turn   | Place    | Note
-------+----------+-------------------------------------------
     0 | D:1      | Peloso the Minotaur Fighter began the quest for the Orb.
     0 | D:1      | Reached XP level 1. HP: 19/19 MP: 0/0
   101 | D:1      | Found a faded altar of an unknown god.
   120 | D:1      | Reached XP level 2. HP: 27/27 MP: 1/1
   784 | D:2      | Reached XP level 3. HP: 33/33 MP: 2/2
  1341 | D:3      | Reached XP level 4. HP: 40/40 MP: 3/3
  1638 | D:3      | Noticed an ogre
  1648 | D:3      | Killed an ogre
  1649 | D:3      | Reached XP level 5. HP: 25/46 MP: 4/4
  2089 | D:3      | Reached skill level 5 in Long Blades
  2151 | D:3      | Noticed a sky beast
  2166 | D:3      | Killed a sky beast
  2167 | D:3      | Reached skill level 5 in Armour
  2167 | D:3      | Reached XP level 6. HP: 53/53 MP: 5/5
  2210 | D:4      | Found an ornate altar of the Wu Jian Council.
  2245 | D:4      | Noticed Blork the orc
  2256 | D:4      | Killed Blork the orc
  2308 | D:4      | Found a snail-covered altar of Cheibriados.
  2308 | D:4      | Found a basalt altar of Yredelemnul.
  2353 | D:4      | Noticed Edmund
  2382 | D:4      | HP: 2/53 [Edmund/+3 flail of protection (5)]
  2383 | D:4      | Blown up by a hobgoblin

Illustrated notes

Levels and vault maps discovered:
D:1:      dpeg_arrival_pond, layout_rooms, ebering_ecumenical_altar_rust
D:2:      layout_basic
D:3:      layout_loops_corners
D:4:      layout_gridville, lemuel_crystal_altar, grunt_temple_overflow_open,
          mainiacjoe_overflow_concentric_impassable, minmay_increasing_density,
          uniq_blork_the_orc, uniq_edmund

Skill      XL: |  1  2  3  4  5 |
---------------+----------------+-----
Shields        | 4 |  4.3
Armour         | 4 5 |  5.4
Long Blades    | 3 4 5 |  5.8
Fighting       | 4 |  4.6
Dodging        | |  0.8
Stealth        | |  0.1

Action                   |  1- 3 |  4- 6 || total
-------------------------+-------+-------++-------
Melee: Long sword        |    83 |    95 ||   178
       Headbutt          |     7 |    19 ||    26
  Use: Scroll            |       |     3 ||     3
       Potion            |       |     2 ||     2
Armor: Scale mail        |    26 |       ||    26
       Chain mail        |    23 |    43 ||    66
Dodge: Dodged            |    31 |    21 ||    52
Block: Buckler           |    15 |    12 ||    27
